 Dungeon Crawl Stone Soup version bcrawl-1.17.3 (webtiles) character file.

Game seed: 10263987783320660421

23 JackS81 the Caller (level 2, 0/15 HPs)
             Began as a Skeleton Summoner on Oct 31, 2019.
             Slain by a jackal (1 damage)
             ... on level 2 of the Dungeon.
             The game lasted 00:04:56 (1388 turns).

JackS81 the Caller (Skeleton Summoner)              Turns: 1388, Time: 00:04:56

Health: 0/15       AC:  2    Str: 12 (14) XL:     2   Next: 75%
Magic:  0/6        EV: 12    Int: 13      God:
Gold:   27         SH:  0    Dex:  6 (9)  Spells: 4/7 levels left

rFire    . . .     SeeInvis .   d - +0 whip
rCold    + . .     Gourm    .   (no shield)
rNeg     + + +     Faith    .   i - +0 robe (curse)
rPois    ∞         Spirit   +   (no helmet)
rElec    .         Reflect  .   (no cloak)
rCorr    +         Harm     .   (no gloves)
MR       .....                  (no boots)
Stlth    ++........             (no amulet)
HPRegen  0.05/turn              k - ring of resist corrosion
MPRegen  0.10/turn              (no ring)

@: no status effects
A: no food or potions, cold resistance 1, deterioration 1, negative energy
resistance 3, torment resistance, unbreathing, magic shield, sturdy frame 1,
spell healing
a: no special abilities


You were on level 2 of the Dungeon.
You were not hungry.

You visited 1 branch of the dungeon, and saw 2 of its levels.

You collected 27 gold pieces.

Inventory:

Hand Weapons
 c - a +0 club
 d - a +0 whip (weapon)
Armour
 a - a +0 robe
 i - a cursed +0 robe (worn)
Jewellery
 k - a ring of resist corrosion (left hand)
Scrolls
 b - a scroll of teleportation {unknown}
 e - a scroll of identify {unknown}
 f - a scroll of remove curse {unknown}
 g - a scroll of magic mapping {unknown}
 h - a scroll of enchant weapon {unknown}
 j - a scroll of enchant armour {unknown}


   Skills:
 + Level 0.8 Maces & Flails
 - Level 2.0 Dodging
 - Level 2.4 Stealth
 - Level 3.0 Spellcasting
 * Level 5.2 Summonings


You had 4 spell levels left.
You knew the following spells:

 Your Spells              Type           Power        Failure   Level  Hunger
a - Summon Small Mammal   Summ           ###.         2%          1    N/A
b - Call Imp              Summ           ###.....     4%          2    N/A

Your spell library contained the following spells:

 Spells                   Type           Power        Failure   Level  Hunger
 Call Canine Familiar     Summ           ###.....     8%          3    N/A
 Summon Ice Beast         Ice/Summ       #.......     61%         4    N/A
 Summon Lightning Spire   Summ/Air       #.......     91%         5    N/A

Dungeon Overview and Level Annotations

Branches:
Dungeon (2/12)

Altars:


Innate Abilities, Weirdness & Mutations

You do not eat or drink.
You are immune to poison.
Your flesh is cold resistant. (rC+)
Your body sometimes deteriorates upon taking damage.
You are immune to negative energy. (rN+++)
You are immune to unholy pain and torment.
You can survive without breathing.
When hurt, damage is shared between your health and your magic reserves.
Your movements are slightly less encumbered by armour. (ER -2)
Casting spells heals you.


Message History

You closely miss the jackal.
The jackal is moderately wounded.
The jackal barely misses your crimson imp.
The jackal bites you but does no damage. x2
The jackal bites your crimson imp.
Your crimson imp closely misses the jackal.
You closely miss the jackal.
The jackal is moderately wounded.
The jackal barely misses you. The jackal misses you.
The jackal bites your crimson imp.
Your crimson imp closely misses the jackal.
You closely miss the jackal.
The jackal is moderately wounded.
The jackal barely misses you.
The jackal closely misses your crimson imp.
The jackal bites you.
* * * LOW HITPOINT WARNING * * *
Your body deteriorates!
You feel weakened. The jackal bites you.
You die...

###### ... #....#
.... #.##.##....
######..........
####...##......r..!
..#...##.......##
#.#............#
#h#hh†##.......#
#@hh5..#.......#
#.###...(#.......#
#..!.....#.......#
#####....#.......#
#....###########
####......# #.
######.# #. #.# #.
#.#####.


You could see 5 jackals and a friendly crimson imp.

Vanquished Creatures
  A dart slug (D:1)
  A leopard gecko (D:1)
  4 bats (D:1)
  A giant cockroach (D:1)
  3 kobolds (D:1)
  A ball python (D:1)
  4 rats (D:1)
15 creatures vanquished.

Vanquished Creatures (collateral kills)
  A dart slug (D:1)
  2 hobgoblins (D:1)
  A jackal (D:2)
  5 rats
9 creatures vanquished.

Grand Total: 24 creatures vanquished

Notes
Turn   | Place    | Note
-------+----------+-------------------------------------------
     0 | D:1      | JackS81 the Skeleton Summoner began the quest for the Orb.
     0 | D:1      | Reached XP level 1. HP: 10/10 MP: 4/4
   542 | D:1      | Reached XP level 2. HP: 10/15 MP: 4/6
   551 | D:1      | Learned a level 2 spell: Call Imp
   657 | D:1      | Reached skill level 5 in Summonings
  1388 | D:2      | Slain by a jackal

Skill      XL: |  1  2 |
---------------+-------+-----
Summonings     | 5 |  5.2
Maces & Flails | |  0.8
Dodging        | |  2.0
Stealth        | |  2.4
Spellcasting   | |  3.0

Action                   || total
-------------------------++-------
Melee: Whip              ||    70
       Club              ||     3
 Cast: Summon Small Mamm ||    11
       Call Imp          ||     3
Armor: Robe              ||    18
Dodge: Dodged            ||    80
